 Dungeon Crawl Stone Soup version 0.31-a0-740-g87205ac768 (webtiles) character file.

Game seed: 7534200529632959327

326 LeprechaunX the Changeling (level 6, 0/41 HPs)
             Began as an Octopode Shapeshifter on Sept 12, 2023.
             Slain by a quasit (1 damage)
             ... while paralysed
             ... on level 3 of the Dungeon.
             The game lasted 00:04:05 (2403 turns).

LeprechaunX the Changeling (Octopode Shapeshifter)  Turns: 2403, Time: 00:04:06

Health: 0/41       AC:  1    Str: 15    XL:     6   Next: 49%
Magic:  6/6        EV:  2    Int: 13    God:
Gold:   119        SH:  0    Dex: -4 (11) Spells: 5/5 levels left

rFire   . .          .
                       - Unarmed
rCold   . . .        (no shield)
rNeg    . . .        (helmet currently unavailable)
rPois   .            (no amulet)
rElec   .            (no ring)
rCorr   .            (no ring)
SInv    .            (no ring)
Will    .....        (no ring) Stlth
                     (no ring)
HPRegen 0.26/turn    (no ring)
MPRegen 0.10/turn    (no ring)
                     (no ring)

%: no passive effects
@: paralysed, beast-form, on berserk cooldown, slowed, lost dexterity
A: beast (slay +2), almost no armour, amphibious, 8 rings, camouflage 1,
gelatinous body 1, (nimble swimmer 1), tentacles
a: Begin Untransformation


You were on level 3 of the Dungeon.
You were a hulking beast.
You visited 1 branch of the dungeon, and saw 3 of its levels.

You collected 119 gold pieces.

Inventory:

Hand Weapons
 a - a +0 shortbow
Talismans
 b - a beast talisman (active)
 c - a flux talisman
Scrolls
 d - a scroll of noise {unknown}
 e - a scroll of vulnerability {unknown}
 f - a scroll of teleportation {unknown}
 m - a scroll of blinking {unknown}
 n - 2 scrolls of summoning {unknown}
 o - a scroll of enchant armour {unknown}
Potions
 h - a potion of ambrosia {unknown}
 j - 2 potions of curing
 k - a potion of brilliance {unknown}
 l - a potion of resistance {unknown}


   Skills:
 + Level 2.8 Fighting
 + Level 1.6 Ranged Weapons
 + Level 3.2 Dodging
 + Level 3.9 Unarmed Combat
 * Level 4.6 Shapeshifting


You had 5 spell levels left.
You didn't know any spells.
Your spell library was empty.

Dungeon Overview and Level Annotations

Branches:
Dungeon (3/15)

Altars:
Uskayaw
Vehumet

Annotations:
D:3 1 transporter


Innate Abilities, Weirdness & Mutations

You are a hulking beast.
Your limbs bulge with bestial killing power. (Slay +2)
You cannot wear most types of armour.
You are amphibious.
You can wear up to eight rings at the same time.
Your skin changes colour to match your surroundings (Stealth+).
Your rubbery body absorbs attacks. (AC +1, EV +1)
((You are camouflaged when in or above water. (Stealth+)))
You have tentacles for arms and can constrict up to eight enemies at once.


Message History

You feel less wooden.
You turn into a hulking beast.
The quasit bites you.
You feel clumsy. The quasit closely misses you. The quasit barely misses you.
The quasit closely misses you. The quasit claws you.
You feel clumsy.
The quasit closely misses you. x2; The quasit claws you.
You feel clumsy. The quasit claws you.
You feel clumsy.
You have lost your dexterity.
The quasit bites you but does no damage.
The quasit barely misses you. The quasit claws you.
* * * LOW HITPOINT WARNING * * *
The quasit completely misses you. The quasit claws you.
* * * LOW HITPOINT WARNING * * *
The quasit claws you.
* * * LOW HITPOINT WARNING * * *
The quasit bites you.
* * * LOW HITPOINT WARNING * * *
The quasit claws you but does no damage.
The quasit claws you.
* * * LOW HITPOINT WARNING * * *
You feel clumsy. The quasit bites you.
* * * LOW HITPOINT WARNING * * *
You feel clumsy.
The quasit claws you but does no damage.
The quasit claws you.
* * * LOW HITPOINT WARNING * * *
You feel clumsy. The quasit bites you.
* * * LOW HITPOINT WARNING * * *
The quasit claws you but does no damage.
The quasit claws you.
* * * LOW HITPOINT WARNING * * *
You feel clumsy. The quasit bites you.
* * * LOW HITPOINT WARNING * * *
The quasit claws you.
You die...

##.##### ##.....###...#######.#
.......###..#####.##..# #.###
######.##..##..©...#..# #.... #
#.##.##....#..##.## ##### #
#..#.#...#...#.#..# ##### ####
##.#.##..##.#. #..# #.... ...##
#...©#.#...#.##..# #.### ♣..~#
###.##.....#!#...# #.# .♣~~# #.#
#5h=(#©..# #.# .~.~#
#.#.#..5#..#...# #.# ~~####
#.##.#.....##..## #.# ..~..#
#..#...#.#..#...# #.# .~...#
##.#...#.#..#.#.#####.###
~~#.######.#...5...##.#.##.......
...........###...###...<...##.###
..~#######...#####...##.......#
#.## ###.......############


You could see 2 quasits.

Vanquished Creatures
  The ghost of olddryhag the Sneak, an amateur OpEE (D:3)
  2 quasits (D:3)
  Terence (D:2)
  5 adders
  4 gnolls (D:2)
  A worm (D:2)
  3 orcs (D:3)
  3 ball pythons (D:3)
  7 endoplasms
  4 giant cockroaches
  8 goblins
  14 hobgoblins
  2 jackals (D:2)
  4 quokkas
  5 bats
  2 frilled lizards (D:2)
  5 kobolds
  4 rats
75 creatures vanquished.

Notes
Turn   | Place    | Note
-------+----------+-------------------------------------------
     0 | D:1      | LeprechaunX the Octopode Shapeshifter began the quest for
                  | the Orb.
     0 | D:1      | Reached XP level 1. HP: 13/13 MP: 1/1
   201 | D:1      | Reached XP level 2. HP: 18/18 MP: 2/2
   672 | D:2      | Reached XP level 3. HP: 23/23 MP: 3/3
   789 | D:2      | Reached XP level 4. HP: 14/29 MP: 4/4
  1377 | D:2      | Reached XP level 5. HP: 31/34 MP: 5/5
  1521 | D:2      | Noticed Terence
  1528 | D:2      | Killed Terence
  1529 | D:2      | Reached skill level 4 in Shapeshifting
  1761 | D:3      | Noticed a +0 dagger
  1761 | D:3      | Noticed a +0 spear
  1762 | D:3      | Noticed a +0 dagger
  1762 | D:3      | Noticed a +0 short sword
  1763 | D:3      | Noticed a +0 spear
  1763 | D:3      | Noticed a +0 falchion
  1765 | D:3      | Noticed a +0 short sword
  1776 | D:3      | Reached skill level 1 in Ranged Weapons
  1778 | D:3      | Noticed a +0 falchion
  1786 | D:3      | Found a hide-covered altar of Uskayaw.
  2011 | D:3      | Found a transporter.
  2020 | D:3      | Noticed olddryhag's ghost (amateur OpEE)
  2138 | D:3      | Found a transporter.
  2205 | D:3      | Found a radiant altar of Vehumet.
  2381 | D:3      | Killed olddryhag's ghost
  2382 | D:3      | Reached XP level 6. HP: 41/41 MP: 6/6
  2400 | D:3      | Lost dexterity.
  2402 | D:3      | HP: 2/41 [quasit (1)]
  2403 | D:3      | Slain by a quasit

Illustrated notes

Levels and vault maps discovered:
D:1:      saegor_arrival_simple_b, layout_rooms, serial_rivers,
          chequers_serial_rivers_micro_d, chequers_serial_rivers_small_3,
          chequers_serial_rivers_large_b, chequers_serial_rivers_micro_c
D:2:      layout_basic, minmay_misc_feat_alley, uniq_terence
D:3:      layout_loops_ring, nicolae_uskayaw_en_pointe, general_overflow_altar,
          gammafunk_ghost_stat_death, chequers_serial_rivers_marsh,
          guppyfry_early_orc_mine

Skill      XL: |  1  2  3  4  5 |
---------------+----------------+-----
Fighting       | 2 |  2.8
Shapeshifting  | 4 |  4.6
Ranged Weapons | 1 |  1.6
Dodging        | 3 |  3.2
Unarmed Combat | |  3.9

Action                     |  1- 3 |  4- 6 || total
---------------------------+-------+-------++-------
  Melee: Unarmed           |    58 |   111 ||   169
         Constrict         |    15 |    23 ||    38
         Tentacles         |     9 |    20 ||    29
         Punch             |     1 |     3 ||     4
   Fire: Shortbow          |       |    18 ||    18
    Use: Potion            |       |     3 ||     3
   Stab: Sleeping          |     4 |     6 ||    10
         Distracted        |       |     1 ||     1
 Armour: Skin              |    18 |   339 ||   357
  Dodge: Dodged            |    30 |    79 ||   109

Table legend: (Time is in decaauts)
 A = Elapsed time spent in this place.
 B = Non-inter-level travel time spent in this place.
 C = Inter-level travel time spent in this place.
 D = Time resting spent in this place.
 E = Time spent auto-exploring this place.
 F = Levels seen in this place.
 G = Mean time per level.
                   A        B        C        D        E       F      G
               +--------+--------+--------+--------+--------+-----+--------+
         Total |   2385 |   2293 |     92 |      0 |   1807 |   3 |  795.0 |
       Dungeon |   2385 |   2293 |     92 |      0 |   1807 |   3 |  795.0 |
               +--------+--------+--------+--------+--------+-----+--------+

Top non-repeatable levels by time:
     D:2: 1005 daAuts
     D:3: 741 daAuts
     D:1: 638 daAuts
